 Dungeon Sprint DCSS version 0.24.0-125-gc4c63601f3 (webtiles) character file.

Game seed: 12498630302645894867, levelgen mode: deterministic

409 Freyura the Changer (level 6, -2/57 HPs)
             Began as a Draconian Transmuter on Feb 22, 2020.
             Was a Believer of Sif Muna.
             Slain by a death knight
             ... wielding a +0 broad axe
              (14 damage)
             ... in the Dungeon (Sprint IX: "|||||||||||||||||||||||||||||").
             The game lasted 00:03:49 (557 turns).

Freyura the Changer (Draconian Transmuter)           Turns: 557, Time: 00:03:49

Health: -2/57      AC:  8    Str: 15    XL:     6   Next: 58%
Magic:  7/15       EV: 15    Int: 14    God:    Sif Muna [**....]
Gold:   0          SH:  0    Dex: 13    Spells: 11/17 levels left

rFire    . . .     SeeInvis .     - Unarmed
rCold    . . .     Gourm    .   (shield currently unavailable)
rNeg     . . .     Faith    .   (armour unavailable)
rPois    .         Spirit   .   (helmet restricted)
rElec    .         Reflect  .   (no cloak)
rCorr    .         Harm     .   (gloves currently unavailable)
MR       .....     NoTele   +   (no boots)
Stlth    +.........             (no amulet)
HPRegen  0.19/turn              l - +2 ring of protection
MPRegen  0.14/turn              m - +3 ring of strength

@: blade hands (expiring)
A: unfitting armour, cold-blooded, AC +6
a: End Transformation, Channel Magic, Renounce Religion


You were in the Dungeon.
You worshipped Sif Muna.
Sif Muna was pleased with you.
You were not hungry.
You had blades for hands.
You visited 1 branch

Inventory:

Missiles
 a - 12 arrows
Jewellery
 l - a +2 ring of protection (left scythe-like blade)
 m - a +3 ring of strength (right scythe-like blade)
Wands
 k - a wand of acid (10)
Scrolls
 h - 3 scrolls of remove curse
 i - 2 scrolls of blinking
 j - 2 scrolls of amnesia
Potions
 d - 5 potions of curing
 e - 3 potions of heal wounds
 f - a potion of haste
 g - 4 potions of magic
Comestibles
 c - a ration


   Skills:
 + Level 6.2 Fighting
 + Level 5.4 Dodging
 + Level 6.5 Unarmed Combat
 * Level 6.4 Spellcasting
 * Level 7.1 Transmutations
 + Level 3.5 Invocations


You had 11 spell levels left.
You knew the following spells:

 Your Spells              Type           Power        Failure   Level  Hunger
a - Beastly Appendage     Tmut           ###...       14%         1    None
b - Blade Hands           Tmut           ###.......   65%         5    ######.

Your spell library contained the following spells:

 Spells                   Type           Power        Failure   Level  Hunger
 Sticks to Snakes         Tmut           ###.....     17%         2    #......
 Spider Form              Tmut/Pois      ##........   47%         3    ##.....
 Ice Form                 Ice/Tmut       ##......     77%         4    ####...


Dungeon Overview and Level Annotations

Branches:
Dungeon (1/1)

Altars:
Cheibriados
Dithmenos
Elyvilon
Fedhas
Gozag
Hepliaklqana
Kikubaaqudgha
Makhleb
Nemelex Xobeh
Okawaru
Qazlal
Ru
Sif Muna
Trog
Uskayaw
Vehumet
Wu Jian
Xom
Yredelemnul
Zin
The Shining One
Beogh
Jiyva
Lugonu


Innate Abilities, Weirdness & Mutations

Your plain brown scales are hard. (AC +6)
You cannot fit into any form of body armour.
You are cold-blooded and may be slowed by cold attacks.


Message History

You hit the wight.
The wight is moderately damaged.
You slice the wight!!
You destroy the wight!
Sif Muna accepts your kill.
Your Transmutations skill increases to level 7!
You hit the adder zombie but do no damage.
You tail-slap the adder zombie, but do no damage.
The adder zombie closely misses you.
You closely miss the adder zombie.
You tail-slap the adder zombie, but do no damage.
You slice the death knight!!
Your tail-slap misses the death knight.
The death knight is moderately wounded.
The death knight reflects your damage back at you!
* * * LOW HITPOINT WARNING * * *
The death knight's dark mirror aura disappears.
You slash the death knight!
The death knight is heavily wounded.
The death knight hits you with a +0 broad axe!
You die... ▓▓▓▓▓▓▓▓▓▓▓▓▓▓▓▓▓▓▓▓▓▓▓▓ '..|)[[[..'.....@pZoW... ▓▓▓▓▓▓▓▓▓▓▓▓▓▓▓▓▓▓▓▓▓▓▓▓

You could see a death knight, a phantom, an orc warrior and an adder zombie.

Vanquished Creatures
  A troll (D)
  A sky beast (D)
  A wight (D)
  A hound (D)
  An adder (D)
  A shadow imp (D)
  A leopard gecko (D)
  A bat skeleton (D)
  A bat zombie (D)
  A giant cockroach (D)
  A jackal (D)
  A kobold (D)
  A quokka (D)
  A giant cockroach zombie (D)
  A leopard gecko skeleton (D)
  3 rats (D)
18 creatures vanquished.

Notes
Turn   | Place    | Note
-------+----------+-------------------------------------------
     0 | D        | Freyura the Draconian Transmuter began the quest for the
                  | Orb.
     0 | D        | Reached XP level 1. HP: 16/16 MP: 3/3
   215 | D        | Reached XP level 2. HP: 25/25 MP: 2/5
   217 | D        | Reached skill level 3 in Transmutations
   226 | D        | Found a roughly hewn altar of Beogh.
   226 | D        | Found a snail-covered altar of Cheibriados.
   226 | D        | Found a shadowy altar of Dithmenos.
   226 | D        | Found a white marble altar of Elyvilon.
   226 | D        | Found a blossoming altar of Fedhas.
   226 | D        | Found an opulent altar of Gozag.
   227 | D        | Found a hazy altar of Hepliaklqana.
   228 | D        | Found a viscous altar of Jiyva.
   229 | D        | Found an ancient bone altar of Kikubaaqudgha.
   230 | D        | Found a corrupted altar of Lugonu.
   231 | D        | Found a burning altar of Makhleb.
   232 | D        | Found a sparkling altar of Nemelex Xobeh.
   233 | D        | Found an iron altar of Okawaru.
   234 | D        | Found a stormy altar of Qazlal.
   235 | D        | Found a sacrificial altar of Ru.
   236 | D        | Found a shimmering blue altar of Sif Muna.
   237 | D        | Found a bloodstained altar of Trog.
   238 | D        | Found a hide-covered altar of Uskayaw.
   239 | D        | Found a radiant altar of Vehumet.
   240 | D        | Found an ornate altar of the Wu Jian Council.
   241 | D        | Found a shimmering altar of Xom.
   242 | D        | Found a basalt altar of Yredelemnul.
   243 | D        | Found a glowing silver altar of Zin.
   244 | D        | Became a worshipper of Sif Muna the Loreminder
   245 | D        | Found a glowing golden altar of the Shining One.
   275 | D        | Noticed a sky beast
   282 | D        | Reached XP level 3. HP: 31/31 MP: 5/7
   287 | D        | Reached * piety under Sif Muna
   294 | D        | Killed a sky beast
   294 | D        | Reached skill level 5 in Unarmed Combat
   294 | D        | Reached skill level 4 in Transmutations
   294 | D        | Reached XP level 4. HP: 32/41 MP: 8/10
   308 | D        | Reached ** piety under Sif Muna
   308 | D        | Reached skill level 5 in Fighting
   308 | D        | Reached XP level 5. HP: 30/48 MP: 9/11
   315 | D        | Learned a level 5 spell: Blade Hands
   546 | D        | Noticed a troll
   546 | D        | Noticed a phantom
   546 | D        | Noticed an orc warrior
   546 | D        | Noticed a death knight
   551 | D        | Killed a troll
   551 | D        | Reached skill level 5 in Dodging
   551 | D        | Reached skill level 6 in Transmutations
   551 | D        | Reached XP level 6. HP: 29/57 MP: 6/15
   553 | D        | Reached skill level 7 in Transmutations
   557 | D        | Slain by a death knight

Levels and vault maps discovered:
D:        linesprint [early_d, line_temple, items_1, d_10, items_2, lair_1,
          lair_end, items_3, orc_1, orc_end, items_4, d_15, swamp_1, shoals_1,
          snake_1, spider_1, d_20, vaults_1, items_5, swamp_end, shoals_end,
          snake_end, spider_end, vaults_end, d_27, items_6, zot_1, zot_end,
          crypt_end, forest_end, elf_end, slime_end, tomb_end, abyss_end,
          pan_hell_end]

Skill      XL: |  1  2  3  4  5  6 |
---------------+-------------------+-----
Dodging        | 2 3 4 5 |  5.4
Fighting       | 2 3 4 5 6 |  6.2
Transmutations | 3 4 6 7 |  7.1
Spellcasting   | 3 4 6 |  6.4
Unarmed Combat | 4 5 6 |  6.5
Invocations    | 3 |  3.5

Action                   |  1- 3 |  4- 6 || total
-------------------------+-------+-------++-------
Melee: Unarmed           |    33 |    25 ||    58
       Tailslap          |     6 |     6 ||    12
       Kick              |     1 |       ||     1
       Headbutt          |     3 |       ||     3
       Punch             |     1 |     1 ||     2
 Cast: Beastly Appendage |     3 |       ||     3
       Blade Hands       |       |     1 ||     1
  Use: Potion            |     2 |       ||     2
 Stab: Sleeping          |     1 |       ||     1
Armor: Skin              |     6 |     8 ||    14
Dodge: Dodged            |    17 |    18 ||    35
